 Dungeon Crawl Stone Soup version 0.17-a0-2002-g92c7e20 (webtiles) character file.

65139 brucemayne the Executioner (level 15, 0/133 HPs)
             Began as a Hill Orc Berserker on Oct 8, 2015.
             Was a High Priest of Trog.
             Slain by a wolf spider (10 damage)
             ... on level 1 of the Spider Nest.
             The game lasted 01:07:45 (11789 turns).

brucemayne the Executioner (Hill Orc Berserker)    Turns: 11789, Time: 01:07:45

Health: 0/133      AC: 23    Str: 28    XL:     15   Next: 15%
Magic:  17/17      EV: 11    Int: 12    God:    Trog [*****.]
Gold:   1790       SH:  0    Dex: 10    Spells: 0 memorised, 14 levels left

rFire  + . .     SeeInvis .     u - +5 battleaxe (vamp)
rCold  + . .     Clarity  +     O - +3 plate armour {rF+}
rNeg   . . .     SustAt   .     (no shield)
rPois  .         Gourm    .     P - +0 hat {Int+3}
rElec  .         Spirit   .     x - +0 cloak {rC+}
rCorr  .         Warding  .     X - +2 pair of gloves {Str+3}
rMut   .         Stasis   .     C - +0 pair of boots
MR     ++...                    g - amulet of clarity
Stlth  ..........               d - ring of protection from magic
                                k - +3 ring of evasion

@: very resistant to hostile enchantments, extremely unstealthy
A: no striking features
a: Burn Spellbooks, Berserk, Trog's Hand, Brothers in Arms, Renounce Religion


You were on level 1 of the Spider Nest.
You worshipped Trog.
Trog was extremely pleased with you.
You were not hungry.

You visited 5 branches of the dungeon, and saw 27 of its levels.
You also visited: Labyrinth, Ice Cave and Volcano.

You collected 1976 gold pieces.
You spent 186 gold pieces at shops.

Inventory:

Hand Weapons
 u - a +5 vampiric battleaxe (weapon)
 w - a +0 blowgun
Missiles
 F - 15 curare-tipped needles
 J - 3 javelins of returning (quivered)
Armour
 x - a +0 cloak of cold resistance (worn)
 C - a +0 pair of boots (worn)
 O - a +3 plate armour of fire resistance (worn)
 P - a +0 hat of intelligence (worn)
 X - a +2 pair of gloves of strength (worn)
Jewellery
 d - a ring of protection from magic (right hand)
 f - the amulet "Tiafruw" {rMut +Fly rElec Slay-5}
   (You found it on level 7 of the Lair of Beasts)

   [amulet of resist mutation]

   It protects you from mutation.
   It affects your accuracy and damage with ranged weapons and melee attacks
   (-5).
   It insulates you from electricity.
   It lets you fly.
 g - an amulet of clarity (around neck)
 k - a +3 ring of evasion (left hand)
 l - an uncursed amulet of resist mutation {unknown}
 G - an uncursed ring of flight
 Q - an uncursed ring of teleportation
Wands
 H - a wand of disintegration (9)
 S - a wand of paralysis (9)
 V - a wand of fire (6)
 Y - a wand of cold (8)
Scrolls
 o - a scroll of fog
 B - 3 scrolls of blinking
 D - 2 scrolls of recharging
 K - 2 scrolls of magic mapping
 W - 3 scrolls of teleportation
 Z - 3 scrolls of remove curse
Potions
 b - a potion of agility {unknown}
 e - 3 potions of haste
 i - 2 potions of lignification
 m - 4 potions of might
 n - a potion of brilliance {unknown}
 r - 6 potions of heal wounds
 s - a potion of magic
 t - a potion of invisibility {unknown}
 M - a potion of resistance
 N - a potion of flight
 T - a potion of berserk rage {unknown}
Books
 a - a book of the Tempests

   Spells                             Type                      Level
   a - Static Discharge               Conjuration/Air              3
   b - Lightning Bolt                 Conjuration/Air              5
   c - Fireball                       Conjuration/Fire             5
   d - Tornado                        Air                          9
   e - Shatter                        Earth                        9
   Trog disapproves of the use of such an item.
Comestibles
 h - 4 meat rations
 v - a slice of pizza
 I - 11 fruits


   Skills:
 - Level 12.2 Fighting
 - Level 26.0 Axes
 + Level 8.6 Armour
 - Level 1.5 Dodging
 + Level 2.7 Evocations


You had 14 spell levels left.
You didn't know any spells.

Dungeon Overview and Level Annotations

Branches:
Dungeon (13/15)            Temple (1/1) D:6            Lair (8/8) D:9
 Spider (1/4) Lair:5          Orc (4/4) D:11
  Swamp: Lair:3-6    Shoals: Lair:3-6     Slime: Lair:6-8       Elf: Orc:3-4
 Vaults: D:13-14

Altars:
Ashenzari
Cheibriados
Dithmenos
Fedhas
Gozag
Kikubaaqudgha
Makhleb
Nemelex Xobeh
Okawaru
Qazlal
Ru
Trog
Vehumet
Xom
Yredelemnul
Zin
The Shining One
Beogh

Shops:
D:12 *   Orc:1 %   Orc:4 [(}*


Message History

* * * LOW HITPOINT WARNING * * *
The wolf spider bites you but does no damage.
Your plate armour prevents you from hitting the wolf spider.
The wolf spider is almost dead.
* * * LOW HITPOINT WARNING * * *
You feel very sick. The wolf spider hits you!
* * * LOW HITPOINT WARNING * * *
The wolf spider bites you but does no damage.
Drink which item? (? for menu, Esc to quit)
You feel better. The wolf spider hits you!
* * * LOW HITPOINT WARNING * * *
The wolf spider bites you!
* * * LOW HITPOINT WARNING * * *
The wolf spider hits you but does no damage.
The wolf spider closely misses you.
You barely miss the wolf spider.
The wolf spider is almost dead.
The wolf spider hits you!
You die...

##...## #...#..##......##.......
##†.## #.......#......####...#.
#...###.......#....###..#...#.
#.#........###............######
#.........................#
#......#...^..............##
......##................###
##........................
#....##..#.....s@..........
##...##....................
#.........######.......##.
#..##....## #.......# #...#
#.......# ..... ....#.# ..##.
...## # ....


You could see a wolf spider.

Vanquished Creatures
  Gastronok (Orc:1)
  A frost giant (IceCv)
  An orc warlord (Orc:4)
  An emperor scorpion (Spider:1)
  A minotaur (Lab)
  Erolcha (Volcano)
  3 hydras
  4 death yaks (Lair:8)
  2 orc high priests (Orc:4)
  An unseen horror (D:11)
  3 orc knights (Orc:4)
  2 orc sorcerers (Orc:4)
  Pikel (D:4)
  3 hill giants
  An orb spider (Lair:5)
  A cyclops (D:11)
  4 wolf spiders
  An ugly thing (D:11)
  2 hornets (Lair:8)
  3 elephants (Lair:3)
  2 molten gargoyles (Volcano)
  7 black mambas
  A centaur zombie (D:12)
  15 spiny frogs
  A guardian serpent (Lair:8)
  The ghost of 4thArraOfDagon the Firebug, a novice HuFE of Vehumet (D:9)
  8 komodo dragons
  A minotaur zombie (Lab)
  3 jumping spiders (Spider:1)
  A fire drake (Lair:8)
  4 trolls
  8 polar bears
  11 blink frogs
  4 two-headed ogres (Volcano)
  2 redbacks
  2 tarantellas (Spider:1)
  4 trapdoor spiders (Spider:1)
  35 yaks
  A shadow (D:11)
  5 hippogriffs
  2 wyverns (Lair:8)
  A wraith (Lair:5)
  Grum (D:11)
  A basilisk (Lair:2)
  3 hungry ghosts
  2 wargs
  33 wolves
  3 porcupines
  4 vampire mosquitoes (D:12)
  9 ice beasts
  29 orc warriors
  A sky beast (D:11)
  9 spiders
  A black bear (D:13)
  6 ogres
  19 water moccasins
  3 slaves (D:4)
  3 necrophages
  A swamp drake (D:11)
  4 wasps
  8 crocodiles
  5 big kobolds
  3 centaurs (D:13)
  A gnoll sergeant (D:6)
  18 giant frogs
  A wyvern skeleton (D:10)
  18 killer bees
  3 scorpions (D:8)
  7 wights
  3 crimson imps
  A lava snake (Volcano)
  A giant frog zombie (D:11)
  3 jellies
  2 giant frog skeletons
  20 orc priests
  5 hounds
  A centaur skeleton (D:8)
  3 iguanas
  19 orc wizards
  21 sheep
  11 worker ants
  4 gnolls (D:10)
  A worker ant zombie (D:8)
  12 adders
  40 river rats
  A shadow imp (D:11)
  A worm (D:4)
  2 giant geckos
  132 orcs
  A giant cockroach (D:7)
  A hobgoblin (D:2)
  25 kobolds
  13 bats
  2 goblins (D:1)
  2 jackals (D:1)
  3 quokkas
  3 rats
  9 fungi
  23 plants
717 creatures vanquished.

Vanquished Creatures (collateral kills)
  A yak (Lair:8)
  An ice beast (D:11)
2 creatures vanquished.

Vanquished Creatures (others)
  4 fungi
  2 plants
6 creatures vanquished.

Grand Total: 725 creatures vanquished

Notes
Turn   | Place    | Note
--------------------------------------------------------------
     0 | D:1      | brucemayne the Hill Orc Berserker began the quest for the Orb.
     0 | D:1      | Reached XP level 1. HP: 19/19 MP: 1/1
   158 | D:2      | Reached XP level 2. HP: 16/26 MP: 2/2
   210 | D:3      | Reached skill level 5 in Axes
   210 | D:3      | Reached XP level 3. HP: 23/31 MP: 3/3
   337 | D:4      | Reached skill level 6 in Axes
   337 | D:4      | Reached XP level 4. HP: 18/39 MP: 4/4
   434 | D:4      | Noticed a slave
   467 | D:4      | Killed a slave
   599 | D:4      | Noticed a slave
   621 | D:4      | Killed a slave
   666 | D:4      | Noticed a slave
   693 | D:4      | Killed a slave
   749 | D:4      | Noticed a slave
   750 | D:4      | Noticed Pikel
   782 | D:4      | Killed Pikel
   782 | D:4      | Reached skill level 10 in Axes
   782 | D:4      | Reached XP level 5. HP: 45/45 MP: 5/5
   782 | D:4      | Reached XP level 6. HP: 51/51 MP: 6/6
   782 | D:4      | Reached XP level 7. HP: 57/57 MP: 7/7
   912 | D:5      | Entered Level 5 of the Dungeon
   940 | D:5      | Found a sparkling altar of Nemelex Xobeh.
  1054 | D:6      | Reached skill level 11 in Axes
  1121 | D:7      | Found a snail-covered altar of Cheibriados.
  1141 | D:6      | Found a staircase to the Ecumenical Temple.
  1147 | Temple   | Entered the Ecumenical Temple
  1231 | D:7      | Acquired Trog's second power
  1257 | D:7      | Reached XP level 8. HP: 49/64 MP: 8/8
  1390 | D:8      | Reached skill level 12 in Axes
  1520 | D:10     | Entered Level 10 of the Dungeon
  1664 | D:10     | Noticed a hill giant
  1683 | D:10     | Killed a hill giant
  1683 | D:10     | Reached skill level 13 in Axes
  1683 | D:10     | Reached XP level 9. HP: 66/70 MP: 9/9
  1806 | D:11     | Got a smoking diamond amulet
  1808 | D:11     | Identified the amulet of Boacuvez {Inacc rF+ MP+9} (You found it on level 11 of the Dungeon)
  1885 | D:10     | Noticed a troll
  1900 | D:10     | Killed a troll
  1927 | D:11     | Reached skill level 14 in Axes
  2095 | D:12     | Found Xotucoeruu's Elemental Accessories.
  2168 | D:12     | Reached skill level 15 in Axes
  2178 | D:12     | Reached XP level 10. HP: 31/77 MP: 10/10
  2218 | D:12     | Noticed a centaur zombie
  2226 | D:12     | Killed a centaur zombie
  2278 | D:12     | Reached skill level 16 in Axes
  2298 | D:12     | HP: 3/115 [killer bee (7)]
  2350 | D:12     | You fall through a shaft!
  2401 | D:13     | Noticed a hill giant
  2401 | D:13     | Noticed an orc knight
  2407 | D:13     | Noticed a skeletal warrior
  2414 | D:13     | Noticed a purple ugly thing
  2648 | D:12     | Reached skill level 5 in Fighting
  2799 | D:11     | Noticed a brown ugly thing
  2855 | D:11     | Killed a brown ugly thing
  3053 | D:11     | Noticed a cyclops
  3066 | D:11     | Killed a cyclops
  3105 | D:11     | Noticed a hill giant
  3126 | D:11     | Killed a hill giant
  3126 | D:11     | Reached XP level 11. HP: 63/97 MP: 11/11
  3188 | D:11     | HP: 3/97 [ogre/giant club (19)]
  3301 | D:11     | Reached skill level 17 in Axes
  3447 | D:11     | Killed an unseen horror
  3474 | D:11     | Found a staircase to the Orcish Mines.
  3649 | D:11     | Noticed Grum
  3655 | D:11     | Killed Grum
  3691 | Orc:1    | Entered Level 1 of the Orcish Mines
  3743 | Orc:1    | Noticed Gastronok
  3764 | Orc:1    | Killed Gastronok
  3764 | Orc:1    | Reached skill level 18 in Axes
  3873 | Orc:1    | Found a roughly hewn altar of Beogh.
  3919 | Orc:2    | Acquired Trog's third power
  3953 | Orc:2    | Found a roughly hewn altar of Beogh.
  4071 | Orc:3    | Found a dark tunnel.
  4165 | Orc:1    | Found Kef Uduv's Food Boutique.
  4226 | Volcano  | Entered a volcano
  4441 | Volcano  | Found a radiant altar of Vehumet.
  4441 | Volcano  | Noticed a hill giant
  4441 | Volcano  | Noticed Erolcha
  4448 | Volcano  | Killed Erolcha
  4448 | Volcano  | Reached skill level 19 in Axes
  4451 | Volcano  | Killed a hill giant
  4534 | Volcano  | Reached XP level 12. HP: 104/104 MP: 12/12
  4651 | Orc:4    | Entered Level 4 of the Orcish Mines
  4711 | Orc:4    | Reached skill level 20 in Axes
  4746 | Orc:4    | Found a roughly hewn altar of Beogh.
  4903 | Orc:4    | Found a roughly hewn altar of Beogh.
  4915 | Orc:4    | Found Unar's Gadget Shop.
  4996 | Orc:4    | Received a gift from Trog
  5293 | Orc:4    | Found a roughly hewn altar of Beogh.
  5518 | Orc:4    | Noticed an orc high priest
  5518 | Orc:4    | Noticed an orc high priest
  5523 | Orc:4    | Noticed an orc warlord
  5577 | Orc:4    | Found a roughly hewn altar of Beogh.
  5594 | Orc:4    | Killed an orc high priest
  5594 | Orc:4    | Reached skill level 21 in Axes
  5717 | Orc:4    | Found a roughly hewn altar of Beogh.
  6099 | Orc:4    | Killed an orc high priest
  6171 | Orc:4    | Found Pufacwil's Antique Weapon Boutique.
  6172 | Orc:4    | Found a roughly hewn altar of Beogh.
  6188 | Orc:4    | Killed an orc warlord
  6222 | Orc:4    | Found Nitur's Antique Armour Shop.
  6313 | Orc:4    | Found a roughly hewn altar of Beogh.
  6315 | Orc:4    | Found Qifag's Assorted Antiques.
  6339 | Orc:4    | Bought a scroll of identify for 54 gold pieces
  6339 | Orc:4    | Bought a scroll labeled AGAXOPP OLOU for 27 gold pieces
  6339 | Orc:4    | Bought a fuming ruby potion for 24 gold pieces
  6339 | Orc:4    | Bought a scroll of teleportation for 81 gold pieces
  6618 | D:10     | Reached skill level 22 in Axes
  6805 | D:9      | Found a glowing golden altar of the Shining One.
  6849 | D:9      | Noticed 4thArraOfDagon's ghost (novice HuFE)
  6856 | D:9      | Killed 4thArraOfDagon's ghost
  7098 | D:9      | Noticed a troll
  7109 | D:9      | Killed a troll
  7109 | D:9      | Reached XP level 13. HP: 87/111 MP: 13/13
  7392 | D:8      | Received a gift from Trog
  7569 | D:8      | Found a burning altar of Makhleb.
  7709 | D:7      | Found a blossoming altar of Fedhas.
  7709 | D:7      | Found a shadowy altar of Dithmenos.
  8467 | D:9      | Noticed a komodo dragon
  8468 | D:9      | Found a staircase to the Lair.
  8489 | D:9      | Killed a komodo dragon
  8506 | Lair:1   | Entered Level 1 of the Lair of Beasts
  8864 | Lair:3   | Found a frozen archway.
  8872 | Lair:3   | Reached skill level 23 in Axes
  8967 | IceCv    | Entered an ice cave
  9001 | IceCv    | Received a gift from Trog
  9001 | IceCv    | Reached skill level 10 in Fighting
  9201 | IceCv    | Noticed a frost giant
  9231 | IceCv    | Killed a frost giant
  9583 | Lair:5   | Found a snail-covered altar of Cheibriados.
  9677 | Lair:7   | Got a smoking ruby amulet
  9751 | Lair:8   | Entered Level 8 of the Lair of Beasts
  9771 | Lair:7   | Found a labyrinth entrance.
  9783 | Lab      | Entered a labyrinth
  9898 | Lab      | Noticed a minotaur
  9912 | Lab      | Killed a minotaur
  9926 | Lab      | Identified the amulet "Tiafruw" {rMut +Fly rElec Slay-5} (You found it on level 7 of the Lair of Beasts)
  9950 | Lab      | Reached XP level 14. HP: 104/125 MP: 14/14
  9974 | Lair:7   | Received a gift from Trog
 10023 | Lair:7   | Reached skill level 24 in Axes
 10336 | Lair:8   | Paralysed by a hornet for 2 turns
 10374 | Lair:8   | Reached skill level 25 in Axes
 10551 | Lair:8   | Received a gift from Trog
 11120 | Lair:4   | Reached skill level 26 in Axes
 11292 | Lair:5   | Reached XP level 15. HP: 105/132 MP: 15/15
 11404 | Lair:5   | Found a hole to the Spider Nest.
 11429 | Spider:1 | Entered Level 1 of the Spider Nest
 11512 | Spider:1 | Reached skill level 1 in Evocations
 11789 | Spider:1 | Slain by a wolf spider

Vault maps used:
D:1:      lemuel_arrival_tunnels
D:3:      first_bread, guppyfry_early_orc_mine
D:4:      uniq_pikel
D:5:      nemelex_xobeh_ov_fountains_minmay, uniq_crazy_yiuf_cottage
D:6:      elyvilon_altar_1, minmay_temple_entry_from_below_a,
          nicolae_ru_sacrificial_ziggurat, uniq_sigmund, uniq_eustachio
D:7:      lemuel_blue_sif_altar, nicolae_overflow_hidden_temple, basic_altar
D:8:      old_forge, lemuel_round_altar, nicolae_ossuary_entry_ruins,
          blue_anna_alchemist
D:9:      tso_oasis_becter, david_lair_shrubbed
D:10:     kennysheep_boxes
D:11:     erik_orc_1, kennysheep_generic_room_15, uniq_grum
D:12:     cheibrodos_lost_city_excavation, grunt_ministairs_13,
          nicolae_elemental_shop
D:13:     david_vaults_3, kennysheep_kite_vault
Temple:   circular_temple_12
Lair:2:   grunt_forest_small_clearing_treed
Lair:3:   swamp_mist_pool, portal_ice_cave_entry_ice_beasts
Lair:5:   nicolae_spider_entry_orb_guardian, st_stairs_12,
          kennysheep_snail_temple, uniq_josephine, uniq_nessos
Lair:6:   lemuel_fruit_fields
Lair:7:   minmay_slime_entry_oklob_enclosed, basic_altar, lab_entry_generic
Lair:8:   hangedman_lair_tendril_chambers
Spider:1: spider_trap, hangedman_spider_tarantella_strand
Orc:1:    serial_shops, shop_statue, minmay_orc_temple_b, uniq_erica,
          uniq_gastronok
Orc:2:    mines2_david
Orc:3:    nicolae_volcano_entry_two_sided, nicolae_orc_pool_cavern
Orc:4:    grunt_orc_community_town_hall, grunt_orc_community_big_house_2,
          grunt_orc_community_big_house_1, grunt_orc_community_house_3,
          grunt_orc_community_house_3, grunt_orc_community_house_2,
          grunt_orc_community_house_1, grunt_orc_community_house_1
Lab:      labyrinth_hidden_loot, lab_fountain, nicolae_lab_t_cross,
          nicolae_lab_do_over
IceCv:    ice_cave_small_giant
Volcano:  volcano_lake

Action                   |  1- 3 |  4- 6 |  7- 9 | 10-12 | 13-15 || total
-------------------------+-------+-------+-------+-------+-------++-------
Melee: Hand axe          |    39 |    38 |    83 |       |       ||   160
       War axe           |       |       |   176 |   761 |    24 ||   961
       Battleaxe         |       |       |       |       |   845 ||   845
 Fire: Blowgun           |       |       |       |     4 |       ||     4
Invok: Berserk           |     2 |     4 |     7 |    20 |     2 ||    35
       Trog's Hand       |       |       |     4 |    31 |    13 ||    48
       Brothers in Arms  |       |       |       |     1 |     2 ||     3
Evoke: Wand              |       |       |       |     9 |       ||     9
  Use: Scroll            |       |       |       |    11 |    11 ||    22
       Potion            |       |       |       |     5 |     5 ||    10
 Stab: Sleeping          |     1 |       |       |       |       ||     1
       Distracted        |       |       |       |       |     1 ||     1
  Eat: Chunk             |       |     4 |    15 |    32 |    15 ||    66
       Fruit             |       |     1 |     1 |     5 |     6 ||    13
       Beef jerky        |       |       |       |     3 |     1 ||     4
       Pizza             |       |       |       |     2 |       ||     2
       Royal jelly       |       |       |       |     1 |       ||     1
       Bread ration      |       |       |       |       |     2 ||     2
